 Dungeon Crawl Stone Soup version bcrawl-1.41 (webtiles) character file.

Game seed: 11434738330999552925

220105 crasatator the Cudgeler (level 6, -7/67 HPs)
             Began as an Ogre Berserker on Mar 31, 2024.
             Was a Believer of Trog.
             Mangled by Duvessa
             ... wielding a +0 rapier
              (18 damage)
             ... on level 4 of the Dungeon on Apr 1, 2024.
             The game lasted 00:07:38 (2731 turns).

crasatator the Cudgeler (Ogre Berserker)            Turns: 2731, Time: 00:07:39

Health: -7/67      AC:  3    Str: 24    XL:     6   Next: 93%
Magic:  6/6        EV: 10    Int:  8    God:    Trog [**....]
Gold:   232        SH:  0    Dex:  8    Spells: 5/5 levels left

rFire    . . .     GDR:     19% r - +0 flail (crush)
rCold    . . .     SeeInvis .   (no shield)
rNeg     . . .     Gourm    .   b - +0 animal skin
rPois    .         Faith    .   (helmet restricted)
rElec    .         Spirit   .   (no cloak)
rCorr    .         Reflect  .   (gloves unavailable)
MR       .....                  (boots unavailable)
Stlth    +.........             (no amulet)
HPRegen  1.11/turn              (no ring)
MPRegen  0.10/turn              (no ring)

@: regenerating
A: large, unfitting armour, tough skin 1
a: Berserk, Trog's Hand, Renounce Religion


You were on level 4 of the Dungeon.
You worshipped Trog.
Trog was pleased with you.
You were not hungry.

You visited 1 branch of the dungeon, and saw 4 of its levels.

You collected 232 gold pieces.

Inventory:

Hand Weapons
 a - a +0 mace
 r - a +0 flail of crushing (weapon)
Armour
 b - a +0 animal skin (worn)
 p - a +0 hat
Jewellery
 k - an uncursed ring of protection from cold {unknown}
 o - the ring of Reimbursement {Fire Str+3}
   (You found it on level 2 of the Dungeon)

   [ring of fire]

   It enhances your fire magic.
   It affects your strength (+3).
   It protects you from fire.
   It makes you vulnerable to cold.
 t - an uncursed ring of wizardry {unknown}
Wands
 s - a wand of digging (6)
 u - a wand of flame (17)
Scrolls
 d - a scroll of immolation
 f - a scroll of revelation {unknown}
 h - 2 scrolls of fog {unknown}
 j - 3 scrolls of remove curse {unknown}
 l - 2 scrolls of teleportation {unknown}
 q - a scroll of blinking {unknown}
Potions
 c - a potion of curing {unknown}
 g - a potion of brilliance
 m - a potion of flight {unknown}
 n - a potion of mutation {unknown}
 v - a potion of heal wounds {unknown}
 w - a potion of lignification {unknown}
Comestibles
 e - 7 rations {!d}
 i - a chunk of flesh


   Skills:
 + Level 5.9 Fighting
 + Level 7.1 Maces & Flails
 + Level 4.0 Dodging


You had 5 spell levels left.
You didn't know any spells.
Your spell library was empty.

Dungeon Overview and Level Annotations

Branches:
Dungeon (4/12)
 Temple: D:4-7

Altars:
Fedhas
Xom

Annotations:
D:2 Jessica
D:4 Duvessa


Innate Abilities, Weirdness & Mutations

You are too large for most types of armour.
You have tough skin. (AC +1)


Message History

You hear a shout!
You hear a shout!
Duvessa hits you with a +0 rapier! Duvessa barely misses you.
Duvessa closely misses you. Duvessa barely misses you.
Duvessa closely misses you. Duvessa barely misses you.
Duvessa hits you with a +0 rapier!
Duvessa is nearby!
Your skin crawls, and Trog's vigour flows through you.
You feel somewhat more hungry.
You feel yourself speed up. Duvessa hits you with a +0 rapier! x2
* * * LOW HITPOINT WARNING * * *
Duvessa closely misses you.
You see here a book of Changes.
Duvessa hits you with a +0 rapier.
* * * LOW HITPOINT WARNING * * *
Duvessa hits you with a +0 rapier!!
You die...

#................##
#.................# ##
#.................#
##).#............#...##
#...#....#########..###
#...'..:.#.........###.
'...#....#......##[##..
### #.e..#..##..##.....
#.@..#####..##..#..
.....'....#..#..........
.....#....#..'...รท......
.....#....#..##[.##..##.
.... #....#..##..##..##.
.##. #....#...#..#...##.
######...#..#...#..
+...+..#...#[.
#.@.#..#...#..


You could see Duvessa (berserk).

Vanquished Creatures
  Edmund (D:4)
  Dowan (D:4)
  2 crimson imps (D:4)
  A hound (D:4)
  An iguana (D:4)
  6 adders
  A howler monkey skeleton (D:3)
  A worm (D:3)
  5 dart slugs
  4 orcs (D:3)
  3 bats
  2 giant cockroaches
  7 goblins
  8 hobgoblins
  5 jackals
  A ball python (D:1)
  5 frilled lizards
  7 kobolds
  10 rats
71 creatures vanquished.

Notes
Turn   | Place    | Note
-------+----------+-------------------------------------------
     0 | D:1      | crasatator the Ogre Berserker began the quest for the Orb.
     0 | D:1      | Reached XP level 1. HP: 24/24 MP: 1/1
    97 | D:1      | Reached XP level 2. HP: 32/32 MP: 2/2
   171 | D:1      | Reached skill level 4 in Maces & Flails
   348 | D:1      | Reached ** piety under Trog
   364 | D:1      | Reached XP level 3. HP: 40/40 MP: 3/3
   983 | D:2      | Found a shimmering altar of Xom.
   983 | D:2      | Found a shimmering altar of Xom.
   985 | D:2      | Found a shimmering altar of Xom.
   985 | D:2      | Found a shimmering altar of Xom.
  1274 | D:2      | Got a serpentine bronze ring
  1490 | D:2      | Noticed Jessica
  1571 | D:3      | Reached XP level 4. HP: 49/49 MP: 4/4
  1768 | D:3      | Reached skill level 5 in Maces & Flails
  1867 | D:3      | Reached skill level 5 in Fighting
  2142 | D:3      | Reached XP level 5. HP: 57/57 MP: 5/5
  2213 | D:3      | Identified the ring of Reimbursement {Fire Str+3} (You
                  | found it on level 2 of the Dungeon)
  2468 | D:4      | Reached skill level 6 in Maces & Flails
  2549 | D:4      | Noticed Edmund
  2565 | D:4      | Reached XP level 6. HP: 50/66 MP: 6/6
  2570 | D:4      | Killed Edmund
  2668 | D:4      | Found a blossoming altar of Fedhas.
  2668 | D:4      | Noticed Dowan
  2693 | D:4      | Killed Dowan
  2694 | D:4      | Reached skill level 7 in Maces & Flails
  2715 | D:4      | Noticed Duvessa
  2731 | D:4      | Mangled by Duvessa

Skill      XL: |  1  2  3  4  5  6 |
---------------+-------------------+-----
Maces & Flails | 4 5 6 7 |  7.1
Dodging        | 3 4 |  4.0
Fighting       | 5 |  5.9

Action                   |  1- 3 |  4- 6 || total
-------------------------+-------+-------++-------
Melee: Mace              |   108 |    90 ||   198
       Flail             |       |    13 ||    13
Invok: Berserk           |     1 |     3 ||     4
       Trog's Hand       |       |     5 ||     5
  Use: Scroll            |     2 |     2 ||     4
 Stab: Sleeping          |     1 |       ||     1
  Eat: Chunk             |     2 |    11 ||    13
       Ration            |     1 |       ||     1
Armor: Animal skin       |    44 |    25 ||    69
Dodge: Dodged            |    66 |    58 ||   124
